 Dungeon Crawl Stone Soup version 0.30.0-20-g3615ddf2f0 (webtiles) character file.

Game seed: 15028301983225669100

141 qw the Chopper (level 5, -1/32 HPs)
             Began as a Gargoyle Fighter on May 27, 2023.
             Slain by a water moccasin (8 damage)
             ... on level 3 of the Dungeon.
             The game lasted 00:01:21 (2701 turns).

qw the Chopper (Gargoyle Fighter)                   Turns: 2701, Time: 00:01:21

Health: -1/32      AC: 12    Str: 28    XL:     5   Next: 24%
Magic:  5/5        EV:  9    Int:  8    God:
Gold:   101        SH:  4    Dex:  9    Spells: 4/4 levels left

rFire   . . .        Y - +0 war axe
rCold   . . .        c - +0 buckler
rNeg    + . .        b - +0 scale mail
rPois   inf          (no helmet)
rElec   +            (no cloak)
rCorr   .            (no gloves)
SInv    .            k - +0 pair of boots
Will    .....        (no amulet) Stlth
                     i - +6 ring of strength
HPRegen 0.25/turn    (no ring)
MPRegen 0.09/turn

%: no passive effects
@: no status effects
A: sickness immunity, AC +4, negative energy resistance 1, electricity
resistance, torment resistance 1, petrification resistance
a: no special abilities


You were on level 3 of the Dungeon.
You visited 1 branch of the dungeon, and saw 4 of its levels.

You collected 101 gold pieces.


Innate Abilities, Weirdness & Mutations

You are immune to sickness and miasma.
Your stone body is resilient. (AC +4)
You are immune to poison.
You resist negative energy. (rN+)
You are resistant to electric shocks. (rElec)
You are resistant to unholy torment.
You are immune to petrification.


   Skills:
 - Level 3.2 Fighting
 + Level 4.8 Axes
 - Level 3.2 Armour
 - Level 3.2 Shields


You had 4 spell levels left.
You didn't know any spells.
Your spell library was empty.

Inventory:

Hand Weapons
 j - a +0 flail
 Y - a +0 war axe (weapon)
Missiles
 l - 3 boomerangs (quivered)
Armour
 b - a +0 scale mail (worn)
 c - a +0 buckler (worn)
 k - a +0 pair of boots (worn)
Jewellery
 i - a +6 ring of strength (left hand)
Scrolls
 a - a scroll of identify
Potions
 d - 2 potions of might
 f - a potion of brilliance {unknown}
 g - a potion of resistance {unknown}
 h - a potion of magic {unknown}
 m - a potion of heal wounds {unknown}

Dungeon Overview and Level Annotations

Branches:
Dungeon (4/15)
 Temple: D:4-7

Altars:
Kikubaaqudgha
Uskayaw


Message History

Enter note: You closely miss the bullfrog.
The bullfrog is heavily wounded.
You hit the water moccasin. You miss the adder.
The water moccasin barely misses you. The adder bites you.
The bullfrog hits you but does no damage.
The water moccasin bites you but does no damage.
The adder bites you but does no damage.
The bullfrog hits you but does no damage.
You barely miss the bullfrog.
The bullfrog is heavily wounded.
You slash the water moccasin! You closely miss the adder.
The bullfrog barely misses you. The water moccasin barely misses you.
The adder bites you but does no damage. The bullfrog barely misses you.
The water moccasin bites you but does no damage.
You barely miss the water moccasin.
The water moccasin is heavily wounded.
You closely miss the bullfrog. You miss the adder. The adder bites you.
You block the bullfrog's attack. You block the water moccasin's attack.
The adder barely misses you.
The bullfrog hits you but does no damage.
You hit the water moccasin but do no damage.
The water moccasin is heavily wounded.
You closely miss the bullfrog. You miss the adder.
The water moccasin barely misses you. The adder barely misses you.
The bullfrog hits you.
The water moccasin completely misses you.
The adder bites you. You block the bullfrog's attack.
You barely miss the water moccasin.
The water moccasin is heavily wounded.
You closely miss the bullfrog. You closely miss the adder.
The water moccasin bites you. You block the adder's attack.
The bullfrog hits you but does no damage.
The water moccasin bites you. The adder barely misses you.
You barely miss the water moccasin.
The water moccasin is heavily wounded.
You miss the adder. You closely miss the bullfrog.
The bullfrog hits you but does no damage.
The water moccasin bites you!
You die...

...####.##.# #.#.##########...
........##.# ###'#..........+...
##########.# #..........#####.<.
##########.# #..........'.......
...........# #..........#.#.####
############ #..........#.#.# ##
##......####.#.# #. ##
#..#.#.####.#.###. .############
#@F#.#....#.#..... .#..........#
#SS#.####.#.######
.#..........####..#........# #
............'..[.........########
.#..........####.................
.#......:...##.#.................
.#..........##.......###...######
.#############.####.#......'.....
.# #..........<# #.###....#####+


You could see a water moccasin, a bullfrog and an adder.

Vanquished Creatures
  An orc priest (D:3)
  3 adders (D:3)
  5 dart slugs
  7 orcs
  7 ball pythons
  4 bats
  9 endoplasms
  2 giant cockroaches
  4 goblins (D:2)
  8 hobgoblins
  3 kobolds
  2 quokkas (D:2)
  2 frilled lizards
  6 rats
63 creatures vanquished.

Notes
Turn   | Place    | Note
-------+----------+-------------------------------------------
     0 | D:1      | qw the Gargoyle Fighter began the quest for the Orb.
     0 | D:1      | Reached XP level 1. HP: 14/14 MP: 1/1
     0 | D:1      | 0 ||| qw: Version: 0.2-a-99-gce666ed
     0 | D:1      | 0 ||| qw: Game counter: 151
     0 | D:1      | 0 ||| qw: Always use a shield: true
     0 | D:1      | 0 ||| qw: God list: Okawaru
     0 | D:1      | 0 ||| qw: Allow faded altars: false
     0 | D:1      | 0 ||| qw: Do Orc after D:15 true
     0 | D:1      | 0 ||| qw: Do second Lair branch before Depths: true
     0 | D:1      | 0 ||| qw: Lair rune preference: random
     0 | D:1      | 0 ||| qw: Plans: Normal, Zot:1-4, God:TSO, Crypt, Tomb,
                  | Pan, Slime:5, Hells, Abyss, Win
     0 | D:1      | 0 ||| PLANNING D:1-11
    42 | D:1      | Reached skill level 2 in Axes
    66 | D:1      | 66 ||| Stepping ~*~*~tactically~*~*~ (stealth).
    67 | D:1      | 67 ||| Stepping ~*~*~tactically~*~*~ (stealth).
    72 | D:1      | Reached XP level 2. HP: 19/19 MP: 2/2
    73 | D:1      | 73 ||| Stepping ~*~*~tactically~*~*~ (hiding).
    74 | D:1      | 74 ||| Stepping ~*~*~tactically~*~*~ (hiding).
   295 | D:1      | 295 ||| Stepping ~*~*~tactically~*~*~ (hiding).
   299 | D:1      | 299 ||| Stepping ~*~*~tactically~*~*~ (hiding).
   303 | D:1      | Reached skill level 3 in Axes
   351 | D:1      | Reached XP level 3. HP: 23/23 MP: 3/3
   510 | D:1      | 510 ||| Stepping ~*~*~tactically~*~*~ (hiding).
   730 | D:2      | 730 ||| Stepping ~*~*~tactically~*~*~ (stealth).
   733 | D:2      | 733 ||| Stepping ~*~*~tactically~*~*~ (stealth).
   778 | D:2      | 778 ||| Stepping ~*~*~tactically~*~*~ (stealth).
   819 | D:2      | 819 ||| Stepping ~*~*~tactically~*~*~ (hiding).
  1316 | D:2      | Reached XP level 4. HP: 28/28 MP: 4/4
  1361 | D:2      | 1361 ||| UPGRADING to +0 pair of boots.
  1366 | D:2      | 1366 ||| UPGRADING to +6 ring of strength.
  1367 | D:2      | 1367 ||| READING 3 scrolls labelled GAHEIKU TU ROT.
  1368 | D:2      | 1368 ||| READING scroll labelled PEOGGU ZOHECWI.
  1369 | D:2      | 1369 ||| READING 2 scrolls of identify.
  1369 | D:2      | 1369 ||| IDENTIFYING green potion
  1370 | D:2      | 1370 ||| DROPPING potion of flight.
  1486 | D:3      | 1486 ||| Stepping ~*~*~tactically~*~*~ (hiding).
  1771 | D:3      | Reached skill level 4 in Axes
  1989 | D:3      | Found a faded altar of an unknown god.
  1990 | D:3      | 1990 ||| DROPPING +0 club.
  2304 | D:3      | 2304 ||| Stepping ~*~*~tactically~*~*~ (stealth).
  2305 | D:3      | 2305 ||| Stepping ~*~*~tactically~*~*~ (stealth).
  2306 | D:3      | 2306 ||| Stepping ~*~*~tactically~*~*~ (stealth).
  2313 | D:3      | 2313 ||| Stepping ~*~*~tactically~*~*~ (hiding).
  2322 | D:3      | Reached XP level 5. HP: 16/32 MP: 5/5
  2542 | D:3      | Found a hide-covered altar of Uskayaw.
  2542 | D:3      | Found an ancient bone altar of Kikubaaqudgha.
  2649 | D:3      | 2649 ||| READING scroll labelled JUECRI WURCH.
  2691 | D:4      | Noticed a water moccasin
  2694 | D:4      | 2694 ||| STAIRDANCE
  2700 | D:3      | HP: 7/32 [water moccasin (4)]
  2701 | D:3      | Slain by a water moccasin

Levels and vault maps discovered:
D:1:      lemuel_arrival_rhombus, layout_basic, serial_forest,
          infiniplex_forest_clump_curved, infiniplex_forest_clump_long,
          infiniplex_forest_lined_2, infiniplex_forest_lined_3,
          infiniplex_forest_fountain, infiniplex_forest_clump_tiny,
          infiniplex_forest_end_double, infiniplex_forest_lined_ring
D:2:      layout_rooms, serial_corexii_hall, corexii_hall_statues_i,
          chequers_hall_statues_corner_a, chequers_hall_statues_wall_a
D:3:      layout_basic, mainiacjoe_overflow_divided_tiny,
          nicolae_ecumenical_lake_church
D:4:      minmay_razor_zed, layout_basic, elyvilon_altar_4,
          amcnicky_altar_gilded, minmay_misc_feat_four_crosses,
          minmay_manual_moon

Skill      XL: |  1  2  3  4 |
---------------+-------------+-----
Axes           | 2 3 4 |  4.8
Fighting       | |  3.2
Armour         | |  3.2
Shields        | |  3.2

Action                     |  1- 3 |  4- 6 || total
---------------------------+-------+-------++-------
  Melee: War axe           |   115 |    89 ||   204
  Throw: Boomerang         |       |     3 ||     3
    Use: Scroll            |       |     4 ||     4
 Armour: Scale mail        |    41 |    59 ||   100
  Dodge: Dodged            |    40 |    44 ||    84
  Block: Buckler           |    22 |    19 ||    41

Table legend:
 A = Non-vault XP
 B = Vault XP
 C = Vault XP percentage of total XP
 D = Non-vault monster count
 E = Vault monster count
 F = Vault count percentage of total count
                 A         B        C        D         E       F
            +---------+---------+-------+---------+---------+-------
      Total |     202 |       0 |   0.0 |      63 |       0 |   0.0
            +---------+---------+-------+---------+---------+-------
        D:1 |      49 |       0 |   0.0 |      25 |       0 |   0.0
        D:2 |      35 |       0 |   0.0 |      18 |       0 |   0.0
        D:3 |     114 |       0 |   0.0 |      18 |       0 |   0.0
        D:4 |       4 |       0 |   0.0 |       2 |       0 |   0.0
            +---------+---------+-------+---------+---------+-------
